Construct Section Command Post
Selects Air and Sea Battlegroup
Selects Commando Section Paradrop
Construct Platoon Command Post
Commando Section Paradrop
Selects Commando Support Section Paradrop
Construct Field Infirmary
Construct Company Command Post
Commando Section Paradrop
Selects Naval Bombardment
Commando Section Paradrop
Construct Field Infirmary
Selects Anti-tank Rocket Loiter
Commando Section Paradrop
Unlock M3 Grant Medium Tanks
Commando Section Paradrop
Commando Section Paradrop
Commando Section Paradrop